[Event "Polish University-ch Women 2024"]
[Site "Lublin"]
[Date "2024.02.23"]
[Round "1.1"]
[White "Sliwicka, Alicja"]
[Black "Chomicka, Kinga"]
[Result "1-0"]
[ECO "C68"]
[WhiteElo "2309"]
[BlackElo "1700"]
[Annotator "TA"]
[PlyCount "135"]
[EventDate "2024.02.22"]
[EventType "swiss"]
[EventCountry "POL"]
[SourceTitle "playchess.com"]
[Source "ChessBase"]
[SourceQuality "1"]
[TimeControl "600+3"]

1. e4 e5 2. Nf3 Nc6 3. Nc3 d6 4. d4 Bg4 5. Bb5 a6 6. Bxc6+ bxc6 7. dxe5 Bxf3 8. Qxf3 dxe5 9. O-O Bc5 (9... Bd6 $142 10. Qd3 a5) 10. Qg3 $16 Qf6 11. Bg5 Qe6 {[%emt 0:00:14] Weiß steht deutlich besser.} 12. Be3 (12. Na4 {vereinfacht} Bd6 13. b3 h6 14. Qc3) 12... Bxe3 13. Qxg7 (13. Qxe3 $16 Nf6 14. Na4) 13... Qf6 ({Vorzuziehen ist} 13... Bf4 $1 $14) 14. Qxf6 Nxf6 15. fxe3 Ke7 16. h3 Rad8 (16... Ne8 $142) 17. Rf5 Nd7 18. Rd1 f6 19. Kf1 {[%emt 0:00:21] Weiß hat aktiveres Spiel.} Ke6 (19... h5 $142) 20. Ke2 Nc5 21. Rff1 ({Besser ist} 21. Rxd8 $16 Rxd8 22. Rh5) 21... Rd6 (21... Rdg8 $14 {kam in Betracht.}) 22. b3 Rg8 23. g4 Rgd8 24. a3 Nd7 25. b4 (25. Rf5 $142) 25... Nb6 26. Rxd6+ (26. Rd3 {ist vielschichtiger.} h6 27. a4 Nc4 28. a5) 26... cxd6 {[%emt 0:00:03][%mdl 4096] Endspiel. KRN-KRN} 27. a4 Rb8 28. Kd3 Nd7 {[%emt 0:00:05] [#]} 29. Kc4 (29. Rb1 $1 $16) 29... Nb6+ $11 30. Kb3 {[%emt 0:00:05] Schwarz muss nun a5 beachten.} Nd7 (30... a5 $1 $11) 31. Ka3 Nb6 $1 32. Kb3 {[%emt 0:00:15] Lässt Nc4 nicht zu} Nd7 $1 33. Kc4 (33. a5 $16) 33... Nb6+ 34. Kd3 (34. Kb3 $11) 34... Nd7 $16 {[%emt 0:00:05] [#]} 35. Rb1 $1 Rb6 36. Ke2 Rb8 37. a5 Rb7 38. Na4 (38. Nd1 $16) 38... Rb8 (38... Nc5 $1 $11 {und Schwarz muss sich keine Sorgen machen.} 39. Nc3 (39. bxc5 $2 {zu gefräßig.} Rxb1 40. cxd6 Kxd6 $19) (39. Nxc5+ dxc5 40. c3 Rb5 $14) 39... Nd7) 39. c3 (39. c4 $18) 39... Rb7 (39... Nc5 $1 $14 40. Nxc5+ (40. bxc5 $2 {verliert.} Rxb1 41. cxd6 Kxd6 $19) 40... dxc5) 40. Rg1 Rb8 41. h4 Rg8 42. Kf3 h6 43. Nb2 Nf8 44. Nd3 Ng6 45. h5 (45. Rh1 $142) 45... Ne7 (45... Nh8 $142) 46. Nb2 Nc8 47. Rd1 Rd8 48. Ke2 Na7 49. Na4 {[%emt 0:00:02] Und Nc5+ würde nun gewinnen.} Nb5 50. Kd3 Rd7 51. c4 Na7 52. Nb6 Rd8 53. Kc3 Rb8 54. Na4 Nc8 $2 (54... Rg8 {ist wohl besser.}) 55. Nb2 $2 (55. c5 $18 {und der Rest ist Schweigen.}) 55... Rb7 56. Nd3 Rg7 57. Nf2 Na7 58. Kb3 Rb7 59. Ka4 Rd7 60. Rg1 Rg7 61. Nd3 Nc8 $2 (61... Rg8 $16 62. Nf2 Rc8) 62. b5 $18 cxb5+ 63. cxb5 axb5+ 64. Kxb5 Rb7+ 65. Ka4 {[%emt 0:00:08] Weiß steht klar auf Gewinn.} ({Schlechter ist} 65. Kc6 Rb3 66. Rd1 Ke7 $11) 65... Na7 66. Rc1 {[%emt 0:00:02] Wehrt Nc6 ab} Rb8 67. Nb4 Kd7 68. Nd5 {[%emt 0:00:02] Gewichteter Fehlerwert: Weiß=0.30/Schwarz=0.30.  Verlustzug:     	---       	Schwarz=1     Gewinn verpasst:   	Weiß=1     	---        Fehler:       	Weiß=9     	Schwarz=9     Ungenau:       	---       	Schwarz=4     OK:         	Weiß=15    	Schwarz=9     Bester:       	Weiß=3     	Schwarz=2     Stark:        	Weiß=1     	Schwarz=2} 1-0

[Event "Polish University-ch Women 2024"]
[Site "Lublin"]
[Date "2024.02.23"]
[Round "1.2"]
[White "Jagiello, Roza"]
[Black "Antolak, Julia"]
[Result "0-1"]
[ECO "B84"]
[WhiteElo "1044"]
[BlackElo "2309"]
[Annotator "TA"]
[PlyCount "52"]
[EventDate "2024.02.22"]
[EventType "swiss"]
[EventCountry "POL"]
[SourceTitle "playchess.com"]
[Source "ChessBase"]
[SourceQuality "1"]
[TimeControl "600+3"]

1. e4 c5 2. Nf3 e6 3. d4 cxd4 4. Nxd4 Nf6 5. Nc3 d6 6. Be3 a6 7. Be2 Be7 8. Qd2 b5 (8... O-O $11) 9. O-O-O ({White should try} 9. Bf3 $14) 9... b4 10. Na4 Bd7 ({Better is} 10... Qa5 $15 11. Nb6 Nxe4 (11... Qxb6 12. Nxe6 Qa5 13. Nxg7+ Kf8 14. Bh6 $16)) 11. b3 $2 {[%emt 0:00:33][%mdl 8192] White is on the road to losing.} (11. Qxb4 $14 Nc6 12. Qb6) 11... Bxa4 $19 (11... Nxe4 12. Qxb4 d5 13. Qb7 Bxa4 14. Qxa8 $15) 12. bxa4 Qa5 $2 (12... Nxe4 $19 {and Black stays clearly on top.} 13. Qxb4 d5) 13. Bc4 $2 (13. Bf3 $17 O-O (13... Qxa4 14. e5 $11) 14. e5 dxe5 (14... Nd5 $2 15. Nf5 $18) 15. Bxa8 Qxa4 (15... exd4 16. Qxd4 Nbd7 17. Bc6 $11) 16. Nxe6 Qxa2 17. Qd3 Qxe6 18. Bb7) 13... Nxe4 (13... Qxa4 14. f3 $17) 14. Qd3 Nc3 {[%emt 0:00:06][%cal Ob8d7] Hoping for ...Nd7!} 15. Bb3 Nxd1 (15... Nxa4 16. Nxe6 fxe6 17. Qe4 $11) 16. Rxd1 d5 {[%emt 0:00:13] [#] Prevents Qe4. Strongly threatening ...0-0.} 17. f4 (17. Nf5 $142 Bf6 (17... exf5 $2 {loses.} 18. Qxd5 Qxd5 19. Bxd5 $16) 18. Nd6+ Kf8 19. Nc4) 17... O-O {[%emt 0:00:37] ...Qc7 is the strong threat.} 18. Bd2 (18. f5 {is a better defense.} e5 19. Nf3) 18... Qc5 19. Nf3 Nd7 20. g4 Qc7 21. f5 Nc5 {[%emt 0:00:24] Black is clearly winning.} 22. Qe3 Rac8 23. Ne1 Ne4 {[%emt 0:00:31] [#] And now ...Qe5 would win.} 24. fxe6 fxe6 25. Nd3 {[%emt 0:00:25] Against Qe5} Bg5 26. Qe2 Qc3 {[%emt 0:00:24] Weighted Error Value: White=1.31/Black=0.29 (precise) .  Loses game:     	White=2     	---        Missed win:     	---       	Black=1      Mistake:       	White=2     	Black=1      Inaccurate:     	---       	Black=1      OK:         	White=5     	Black=5      Best:        	---       	Black=2} 0-1

[Event "Polish University-ch Women 2024"]
[Site "Lublin"]
[Date "2024.02.23"]
[Round "1.3"]
[White "Czarnecka, Lidia"]
[Black "Lisiecka, Aleksandra"]
[Result "1-0"]
[ECO "C02"]
[WhiteElo "2034"]
[BlackElo "1455"]
[Annotator "NA RC"]
[PlyCount "81"]
[EventDate "2024.02.22"]
[EventType "swiss"]
[EventCountry "POL"]
[SourceTitle "playchess.com"]
[Source "ChessBase"]
[SourceQuality "1"]
[TimeControl "600+3"]

1. e4 e6 2. d4 d5 3. e5 c5 4. c3 Qb6 5. Na3 Nc6 6. Nc2 Nge7 7. Nf3 Nf5 8. Be2 Be7 9. O-O O-O 10. Bd3 cxd4 11. cxd4 Bd7 12. g4 Nh4 13. Nxh4 Bxh4 14. g5 Kh8 15. Qh5 Bxf2+ 16. Rxf2 g6 17. Qg4 Rac8 18. Rb1 Ne7 19. Bd2 Nf5 20. Qf4 Rc7 21. b3 Rfc8 22. Bxf5 exf5 23. Ne3 Be6 24. Qh4 Rc6 25. Rf3 R8c7 26. Rh3 f6 27. Qf4 fxg5 28. Qxg5 Rg7 29. Rh4 Rcc7 30. Qd8+ Rg8 31. Qf6+ Rcg7 32. Bc3 Qa6 33. Rc1 Bf7 34. Qxa6 bxa6 35. Bb4 Rd8 36. Be7 Rd7 37. Bf6 Bg8 38. Rc8 a5 39. Rh3 f4 40. Ng4 Rdf7 41. Nh6 1-0

[Event "Polish University-ch Women 2024"]
[Site "Lublin"]
[Date "2024.02.23"]
[Round "1.4"]
[White "Waszkowska, Sandra"]
[Black "Wikar, Martyna"]
[Result "0-1"]
[ECO "A46"]
[WhiteElo "1356"]
[BlackElo "2214"]
[Annotator "RC"]
[PlyCount "46"]
[EventDate "2024.02.22"]
[EventType "swiss"]
[EventCountry "POL"]
[SourceTitle "playchess.com"]
[Source "ChessBase"]
[SourceQuality "1"]
[TimeControl "600+3"]

1. d4 Nf6 2. Nf3 e6 3. Bf4 c5 4. c3 Nc6 5. e3 b6 6. h3 Bb7 7. Be2 Be7 8. O-O O-O 9. Re1 Ne4 10. Nbd2 f5 11. Ne5 d6 12. Nxc6 Bxc6 13. Bf3 Bg5 14. Bh2 cxd4 15. cxd4 Bd5 16. Nxe4 fxe4 17. Bg4 Bh4 18. Rf1 Rc8 19. Qa4 b5 20. Qb4 Rc2 21. Bxd6 Rf4 22. f3 Rxf3 23. Rf2 Rfxf2 0-1

[Event "Polish University-ch Women 2024"]
[Site "Lublin"]
[Date "2024.02.23"]
[Round "1.5"]
[White "Kubicka, Anna"]
[Black "Zablocka, Marta"]
[Result "1-0"]
[ECO "B20"]
[WhiteElo "2278"]
[BlackElo "1354"]
[Annotator "TA"]
[PlyCount "57"]
[EventDate "2024.02.22"]
[EventType "swiss"]
[EventCountry "POL"]
[SourceTitle "playchess.com"]
[Source "ChessBase"]
[SourceQuality "1"]
[TimeControl "600+3"]

1. e4 c5 2. Ne2 Nc6 3. g3 g6 4. Bg2 Bg7 5. c3 d6 6. d4 cxd4 7. cxd4 e6 8. O-O Nge7 9. Nbc3 O-O {[%emt 0:00:02] The position is equal.} 10. Be3 d5 11. e5 Nf5 12. Qd2 b6 13. Rac1 Qd7 14. Bh3 Ba6 15. Bxf5 exf5 16. Rfe1 Nb4 17. Nf4 {[%emt 0:03:23] Repels Nd3} g5 18. Nh5 {[%emt 0:00:02] [#] Excellent horsemanship.} f4 $1 19. gxf4 Qg4+ 20. Ng3 Nd3 ({Black should try} 20... gxf4 $11 21. Bxf4 Nd3 22. Nxd5 Rfd8) 21. Nxd5 (21. fxg5 $14 Qf3 22. Rcd1) 21... Nxc1 (21... Rfd8 $11 22. f3 Qxf3 23. Ne7+ Kh8) 22. Rxc1 Bb7 23. Ne7+ Kh8 24. d5 (24. f3 $16 Qxf3 25. fxg5) 24... gxf4 (24... Rad8 $1 $11 {keeps the balance.}) 25. Bxf4 $16 {[%emt 0:00:05][%cal Of2f3] Black must now prevent f3!} Rfd8 (25... Rad8 $142) 26. Rc7 $2 {[%emt 0:00:31] [#]} (26. Rc3 $16 {and life is bright.}) 26... Bxd5 $1 $17 27. Nxd5 {[%emt 0:00:04][%cal Of4g5] [#] Bg5! would now be deadly.} Rxd5 $4 28. Qxd5 $18 Qxf4 29. Qxa8+ {[%emt 0:00:02] Weighted Error Value: White=0.42/Black=0.54.  Loses game:     	---       	Black=1      Mistake:       	White=3     	Black=4      Inaccurate:     	White=2     	Black=6      OK:         	White=3     	Black=6      Best:        	White=2     	---        Brilliant:      	---       	Black=2} 1-0

[Event "Polish University-ch Women 2024"]
[Site "Lublin"]
[Date "2024.02.23"]
[Round "1.6"]
[White "Jakubowska, Urszula"]
[Black "Kucharska, Honorata"]
[Result "0-1"]
[ECO "D02"]
[WhiteElo "1352"]
[BlackElo "2137"]
[Annotator "RC"]
[PlyCount "84"]
[EventDate "2024.02.22"]
[EventType "swiss"]
[EventCountry "POL"]
[SourceTitle "playchess.com"]
[Source "ChessBase"]
[SourceQuality "1"]
[TimeControl "600+3"]

1. d4 Nf6 2. Nf3 d5 3. Bf4 e6 4. e3 c5 5. c3 Nc6 6. Bd3 Bd6 7. Bg3 Qe7 8. Qc2 c4 9. Be2 Bxg3 10. hxg3 e5 11. dxe5 Nxe5 12. Nbd2 Nc6 13. Nh4 Be6 14. Nf5 Bxf5 15. Qxf5 Qe5 16. Qxe5+ Nxe5 17. Nf3 Nc6 18. O-O Ke7 19. Rad1 Rhd8 20. Rfe1 Kf8 21. Nh4 g6 22. Nf3 a5 23. Nd4 Ne5 24. f4 Nc6 25. Bf3 a4 26. Nb5 Ra5 27. Nd4 a3 28. b3 cxb3 29. Nxb3 Raa8 30. Rd3 Ne7 31. Red1 Rdc8 32. Nd4 Ra5 33. Nb3 Ra4 34. Be2 h5 35. Kf2 Ne4+ 36. Kf3 Rxc3 37. Rxc3 Nxc3 38. Rd2 Ne4 39. Rc2 Rb4 40. Nc5 Nxc5 41. Rxc5 Rb2 42. Ra5 Rxa2 0-1

[Event "Polish University-ch Women 2024"]
[Site "Lublin"]
[Date "2024.02.23"]
[Round "1.7"]
[White "Jarocka, Liwia"]
[Black "Kukula, Klara"]
[Result "1-0"]
[ECO "B12"]
[WhiteElo "2199"]
[BlackElo "1406"]
[Annotator "RC"]
[PlyCount "68"]
[EventDate "2024.02.22"]
[EventType "swiss"]
[EventCountry "POL"]
[SourceTitle "playchess.com"]
[Source "ChessBase"]
[SourceQuality "1"]
[TimeControl "600+3"]

1. e4 c6 2. d4 d5 3. f3 Nd7 4. Nc3 e6 5. Bd3 Nb6 6. Be3 a5 7. e5 Ne7 8. f4 Nf5 9. Bf2 h5 10. Nce2 Qc7 11. Nf3 c5 12. O-O c4 13. Bxf5 exf5 14. Re1 Be7 15. c3 Qd8 16. h3 g5 17. fxg5 Bxg5 18. Nxg5 Qxg5 19. Qc1 Qg7 20. Qf4 Rg8 21. Qf3 Qg5 22. Be3 Qg7 23. Nf4 h4 24. Nh5 Qg6 25. Nf6+ Kf8 26. Nxg8 Qxg8 27. Qf4 Ke8 28. Qxh4 Be6 29. Qg5 Qf8 30. Rf1 Qh8 31. Rf4 Kd7 32. Rh4 Qf8 33. Rf1 Nc8 34. Rxf5 Ne7 1-0

[Event "Polish University-ch Women 2024"]
[Site "Lublin"]
[Date "2024.02.23"]
[Round "1.8"]
[White "Debowska, Michalina"]
[Black "Marcinczyk, Monika"]
[Result "1-0"]
[ECO "A51"]
[WhiteElo "1368"]
[BlackElo "1983"]
[Annotator "NA RC"]
[PlyCount "81"]
[EventDate "2024.02.22"]
[EventType "swiss"]
[EventCountry "POL"]
[SourceTitle "playchess.com"]
[Source "ChessBase"]
[SourceQuality "1"]
[TimeControl "600+3"]

1. c4 e5 2. Nc3 Nf6 3. d4 exd4 4. Qxd4 Nc6 5. Qd1 Bc5 6. Nf3 O-O 7. e3 d6 8. Be2 Bf5 9. a3 a5 10. O-O Re8 11. Re1 Ne4 12. Nxe4 Bxe4 13. h3 Qf6 14. Nd2 Bf5 15. Bg4 Ne5 16. Bxf5 Qxf5 17. Nf3 Nxc4 18. Qb3 Nb6 19. Bd2 a4 20. Qc3 Nd5 21. Qc4 Qe4 22. Qxe4 Rxe4 23. Ng5 Re5 24. Nf3 Re7 25. Rac1 Bb6 26. Nd4 Rae8 27. Red1 Bxd4 28. exd4 b5 29. Ba5 f6 30. Rc2 Ra8 31. Bc3 Kf7 32. Kf1 Rae8 33. Ba5 Ra8 34. Bc3 Rc8 35. Ba5 c5 36. dxc5 Nf4 37. c6 d5 38. Bb4 Rec7 39. Bd6 Rxc6 40. Rxc6 Rxc6 41. Bxf4 1-0

[Event "Polish University-ch Women 2024"]
[Site "Lublin"]
[Date "2024.02.23"]
[Round "1.9"]
[White "Cieslak, Wiktoria"]
[Black "Trusinska, Magdalena"]
[Result "1-0"]
[ECO "B06"]
[WhiteElo "1868"]
[BlackElo "1270"]
[Annotator "NA RC"]
[PlyCount "47"]
[EventDate "2024.02.22"]
[EventType "swiss"]
[EventCountry "POL"]
[SourceTitle "playchess.com"]
[Source "ChessBase"]
[SourceQuality "1"]
[TimeControl "600+3"]

1. e4 g6 2. d4 Bg7 3. Nc3 d6 4. f4 Nd7 5. Nf3 c5 6. dxc5 Nxc5 7. Bd3 e5 8. O-O f5 9. fxe5 dxe5 10. Be3 Nxd3 11. cxd3 fxe4 12. dxe4 Bg4 13. Qb3 Nf6 14. Nxe5 Qe7 15. Rxf6 Bxf6 16. Nxg4 Bg7 17. Nd5 Qf7 18. Qb5+ Kf8 19. Rf1 Qxf1+ 20. Kxf1 Kf7 21. Qd7+ Kf8 22. Qe7+ Kg8 23. Ngf6+ Bxf6 24. Nxf6# 1-0

[Event "Polish University-ch Women 2024"]
[Site "Lublin"]
[Date "2024.02.23"]
[Round "1.10"]
[White "Luka, Agnieszka"]
[Black "Harazinska, Magdalena"]
[Result "0-1"]
[ECO "D37"]
[WhiteElo "1264"]
[BlackElo "1950"]
[Annotator "NA RC"]
[PlyCount "48"]
[EventDate "2024.02.22"]
[EventType "swiss"]
[EventCountry "POL"]
[SourceTitle "playchess.com"]
[Source "ChessBase"]
[SourceQuality "1"]
[TimeControl "600+3"]

1. d4 Nf6 2. c4 c5 3. e3 e6 4. Nf3 Be7 5. Be2 O-O 6. O-O b6 7. Nc3 Bb7 8. Qc2 d5 9. cxd5 exd5 10. b3 Nbd7 11. Bb2 Rc8 12. Qd2 Qc7 13. h3 Rfd8 14. Rac1 Qb8 15. Rfd1 h6 16. Qe1 Ne4 17. Bd3 cxd4 18. Nxd4 Ndc5 19. Nxe4 Nxd3 20. Rxd3 dxe4 21. Rdd1 Bf6 22. Rd2 Rc5 23. Qd1 Qc8 24. Rdc2 Ba6 0-1

[Event "Polish University-ch Women 2024"]
[Site "Lublin"]
[Date "2024.02.23"]
[Round "2.1"]
[White "Mirowska, Oliwia"]
[Black "Sliwicka, Alicja"]
[Result "0-1"]
[ECO "A03"]
[WhiteElo "1977"]
[BlackElo "2309"]
[Annotator "TA"]
[PlyCount "134"]
[EventDate "2024.02.22"]
[EventType "swiss"]
[EventCountry "POL"]
[SourceTitle "playchess.com"]
[Source "ChessBase"]
[SourceQuality "1"]
[TimeControl "600+3"]

1. f4 d5 2. Nf3 g6 3. g3 Bg7 4. Bg2 Nf6 5. O-O O-O 6. d3 Nc6 7. Nc3 d4 {[%emt 0:00:29] A03: Bird-Eröffnung.} 8. Ne4 Nd5 9. Nh4 $146 ({Predecessor:} 9. Bd2 a5 10. c4 Nf6 11. a3 Bf5 12. Nc5 Nd7 13. Nxd7 Qxd7 14. Rb1 Bh3 15. b4 Bxg2 16. Kxg2 axb4 17. axb4 {0-1 Bzenic,D (2172)-Savicevic,V (2284) SRB-ch Rapid 2022 (7)}) 9... h6 10. f5 g5 11. Nf3 Nf6 12. Nxf6+ Bxf6 13. Nd2 Ne5 14. Ne4 Bg7 15. e3 c6 16. Kh1 f6 17. Qh5 Qb6 18. exd4 Qxd4 19. Qe2 e6 (19... b6 $142) 20. fxe6 ({Vorzuziehen ist} 20. Be3 Qd7 21. Nc5) 20... Bxe6 $16 21. Rb1 (21. Be3 $16 Qd7 22. Nc5) 21... Bg4 ({Besser ist} 21... f5 22. Be3 Qd8) 22. Qe1 (22. Qf2 $11 Qd7 23. Nc5) 22... Rae8 $2 (22... f5 $17 23. Be3 Qa4) 23. Be3 $16 Qd7 24. Bc5 $1 Ng6 $2 (24... f5 $16 25. Bxf8 Rxf8) 25. Bxf8 $18 Rxf8 26. Qc3 (26. Nc5 $6 Qf7 27. Qb4 Bc8 $18) 26... Qf7 (26... Kh8 {war nötig.} 27. Rxf6 (27. Nxf6 Qc8 $16) 27... Re8) 27. Nd6 $18 Qd7 28. Ne4 $2 ({Günstiger ist} 28. Nxb7 $18 Kh7 (28... Qxb7 $2 29. Qc4+ Qf7 30. Qxg4 $18) 29. Nc5 (29. Bxc6 Qf7 $18) (29. Qxc6 Qxc6 30. Bxc6 f5 $18)) 28... Ne5 $2 (28... Qf7 $1 $11 {und Schwarz muss sich keine Sorgen machen.}) 29. Qc5 (29. Nc5 $142 Qe7 30. d4) 29... b6 30. Qd6 Qf7 $2 (30... Be6 31. Qxd7 Bxd7) 31. d4 Nc4 32. Qb4 $2 (32. Qxc6 $18 {[%cal Oe4f6] und der Rest ist Schweigen. Zielt auf Nxf6+! ab.} Ne3 33. Nd6) 32... Ne3 $16 33. Rf2 (33. Nd6 $16 Qxa2 34. Ra1 Nxc2 35. Rxa2 Nxb4 36. Rxa7) 33... Nxg2 $11 34. Kxg2 Qd5 35. Re1 (35. Qb3 $11 Be6 36. Re1) 35... Bf5 $2 (35... Qxa2 $2 36. b3 $18) (35... f5 $1 $17 {[%cal Rf5e4] bleibt auf Kurs.} 36. Qd6 fxe4 37. Rxf8+ Bxf8 38. Qg6+ Bg7 39. Qe8+ Kh7 40. Qxe4+ Qxe4+ 41. Rxe4 Bf5) 36. Qb3 $18 Be6 37. Kg1 f5 {[%emt 0:00:04] [#]} 38. Qxd5 $2 (38. Nd6 $1 $18 Qxb3 39. axb3 Bxb3 40. cxb3 Bxd4 41. Re6) 38... Bxd5 $11 39. Nd6 (39. Nc3 $1 $11 Bxd4 40. Nxd5 cxd5 (40... Bxf2+ 41. Kxf2 cxd5 42. Re7 $15) 41. c3 Bxf2+ 42. Kxf2) 39... Bxd4 $17 40. c3 Bc5 (40... Bxf2+ $2 41. Kxf2 f4 (41... Bxa2 42. Re7 $17) 42. gxf4) 41. Ne8 $2 (41. c4 $17 Bf7 (41... Bxf2+ 42. Kxf2 Bf7 43. Re7 $11) 42. Nxf7 Kxf7 (42... Bxf2+ 43. Kxf2 Kxf7 44. Rd1 $19) 43. Rd1) 41... f4 $19 (41... Bxf2+ 42. Kxf2 f4 (42... Bxa2 $2 43. Nd6 $19) 43. gxf4 $19) (41... Bxa2 42. Re5 $19) 42. Kf1 Bxf2 43. Kxf2 fxg3+ (43... Bxa2 44. Nc7 $19) 44. Kxg3 h5 (44... Bxa2 45. Re7) 45. h3 Rf3+ ({Schwächer ist} 45... Bxa2 46. Re5 $19) 46. Kh2 Rf2+ ({Weniger gut wäre} 46... Bxa2 47. Re4 $19) 47. Kg1 Rf3 $2 (47... Rg2+ $19 48. Kf1 Rxb2 49. Nf6+ Kf7 50. Nxd5 cxd5) 48. Nd6 $2 (48. Kh2 $1 $11 {und Weiss steht sicher.} Rf2+ (48... Bxa2 $2 49. Nd6 $19) 49. Kg1 Rg2+ (49... Rxb2 $2 50. Nf6+ Kf7 51. Nxd5 $19) 50. Kf1 Rxb2 51. Nf6+ Kf7 52. Nxd5 cxd5 53. h4) 48... Rxh3 $19 49. Re8+ Kg7 50. Re7+ Kf6 51. Rxa7 Rh1+ 52. Kf2 h4 53. Ne8+ $2 (53. c4 Be6 54. Ne8+ Ke5 55. Re7) 53... Kf5 54. Ng7+ (54. c4 $142 Bg8 (54... Bxc4 55. Nd6+ Kf4 56. Nxc4 $11) 55. Rg7) 54... Kg4 55. Ra4+ Kh3 56. Nf5 g4 57. Ke3 Rf1 58. Nd4 g3 59. Ne2 Rf3+ 60. Kd2 Rf2 61. Ke1 Rf7 62. Nf4+ Kh2 63. Ne2 h3 64. Rg4 Re7 65. Kd2 Rxe2+ 66. Kxe2 Kg2 67. c4 Bf3+ 0-1

[Event "Polish University-ch Women 2024"]
[Site "Lublin"]
[Date "2024.02.23"]
[Round "2.2"]
[White "Antolak, Julia"]
[Black "Orlik, Sandra"]
[Result "1-0"]
[ECO "B33"]
[WhiteElo "2309"]
[BlackElo "1836"]
[Annotator "TA"]
[PlyCount "68"]
[EventDate "2024.02.22"]
[EventType "swiss"]
[EventCountry "POL"]
[SourceTitle "playchess.com"]
[Source "ChessBase"]
[SourceQuality "1"]
[TimeControl "600+3"]

1. e4 c5 2. Nf3 Nc6 3. d4 cxd4 4. Nxd4 Nf6 5. Nc3 h5 6. Nb3 a6 7. Bg5 b5 8. Bd3 {[%emt 0:00:15] Weiß steht aktiver. Weiß steht etwas besser.} Bb7 9. Qe2 Ng4 (9... Ne5 $14) 10. Nd5 (10. f4 $16) 10... f6 $14 11. Nc5 $2 {[%emt 0:01:48][%mdl 8192] [#]} (11. h3 $14 {behält die Oberhand.} Nge5 12. Be3) 11... Bc8 $2 (11... fxg5 $19 12. Nxb7 Qb8) 12. e5 Ncxe5 ({Vorzuziehen ist} 12... Ngxe5 $15 13. Be3 e6) 13. h3 $11 Nxd3+ (13... fxg5 14. hxg4 Nxd3+ 15. Qxd3 $16) 14. Nxd3 (14. Qxd3 $2 Ne5 15. Qe3 d6 $19) 14... fxg5 (14... Bb7 {ist interessant.} 15. Qe4 Bxd5 16. Qxd5 e6) 15. hxg4 Bb7 16. Qe5 $40 {[%emt 0:01:18][%mdl 128] Weiss hat einigen Angriff.} (16. Rxh5 $2 Rxh5 17. gxh5 Bxd5 $19) 16... Rc8 {[%emt 0:00:19] Es drohte Nc7+} 17. gxh5 e6 18. Ne3 Qf6 19. O-O-O Be7 (19... Bc5 $1 $11) 20. f3 d6 (20... Qxe5 $11 {bleibt in der Remisbreite.} 21. Nxe5 Bc5) 21. Qg3 a5 22. Kb1 b4 23. Ng4 Qf5 24. h6 ({Besser ist} 24. Qf2 $16) 24... gxh6 25. Nxh6 Qb5 26. Qg4 (26. Qf2 $14) 26... Bd5 {[%emt 0:00:08][%cal Od5a2] [#] Und ...Bxa2+! würde nun gewinnen.} 27. f4 $2 (27. Nc1 $11) 27... Qc4 $1 $19 28. Nc1 Qxc2+ 29. Ka1 Be4 $2 (29... Bf6 {setzt Matt} 30. Qh5+ Kd8 31. Nf7+ Ke7 32. Ne5 Rxh5 33. Rhg1 gxf4 (33... dxe5 34. fxg5 Rxg5 35. Rh1 e4 36. Nd3 exd3 37. Rh7+ Kd6 38. Rd7+ Kxd7 39. Rb1 Qc4 40. Rh1 Qxa2#) 34. Ned3 Rh2 (34... Bxg2 35. Nb3 Be4 36. Rd2 Bxd3 37. Rxc2 Rxc2 38. Nc1 Bxb2+ 39. Kb1 Rxc1+ 40. Kxb2 Rxg1 41. Kb3 Rb1+ 42. Ka4 Bc2#) 35. Nb3 Rxg2 36. Rb1 Rxg1 (36... Qxd3 37. Rxg2 Bxg2 38. Re1 Be4 39. Nd4 Bxd4 40. Rg1 Bxb2+ 41. Kxb2 Qc3#) 37. Rxg1 Qxd3 38. Re1 Bxb3 (38... Bxb2+ 39. Kxb2 Rc2+ 40. Kb1 Rh2+ 41. Ka1 Qc3+ 42. Kb1 Qb2#) 39. axb3 Qxb3 (39... Bxb2+ 40. Ka2 Be5 41. Rxe5 Qd2+ 42. Kb1 Rc1#) 40. Rxe6+ Kxe6 41. Kb1 Qxb2#) 30. Nb3 Bd3 $4 {[%emt 0:00:12][%mdl 8192] Ein starkes Läuferpaar.} (30... Qxg2 $2 {zu gefräßig.} 31. Qxe6 (31. Nxa5 $2 Qxg4 32. Nxg4 Rxh1 $19) 31... Rc7 32. Rhe1 $18 (32. Nxa5 Qxh1 33. Rxh1 Bxh1 $14)) (30... a4 $19 {[%cal Oc2b2] und alles wird gut. ( -> ...Qxb2+!)} 31. Nd4 Qc4 32. Qxe6 (32. Nxe6 $2 Rxh6 33. Rhe1 Rxe6 $19) 32... Qxe6 (32... Bxg2 $2 33. Qg6+ Kd8 34. Nf7+ Kc7 35. Rxh8 $18) 33. Nxe6 gxf4 (33... Bxg2 $2 34. Rh2 $19) 34. Nxf4 Kd7) 31. Rc1 $2 (31. Nxa5 $2 {verliert.} Be2 $19) (31. Qxe6 $18 Qc4 32. Qh3) 31... Qxc1+ $11 32. Rxc1 (32. Nxc1 $5 Rxh6 33. Re1 $11) 32... Rxc1+ 33. Nxc1 Rxh6 34. Qd1 {[%emt 0:00:03] Gegen Rh1 gerichtet.} (34. Nxd3 $2 {führt zum Matt.} Rh1+) 34... Bb5 {[%emt 0:00:03] Gewichteter Fehlerwert: Weiß=0.86/Schwarz=0.62.  Verlustzug:     	Weiß=2     	---        Gewinn verpasst:   	Weiß=1     	Schwarz=1     Fehler:       	Weiß=4     	Schwarz=5     Ungenau:       	Weiß=4     	Schwarz=2     OK:         	Weiß=6     	Schwarz=7     Bester:       	Weiß=1     	Schwarz=5} (34... Bf5 $15) 1-0

[Event "Polish University-ch Women 2024"]
[Site "Lublin"]
[Date "2024.02.23"]
[Round "2.3"]
[White "Buchta, Agnieszka"]
[Black "Czarnecka, Lidia"]
[Result "0-1"]
[ECO "B20"]
[WhiteElo "1807"]
[BlackElo "2034"]
[Annotator "NA"]
[PlyCount "56"]
[EventDate "2024.02.22"]
[EventType "swiss"]
[EventCountry "POL"]
[SourceTitle "playchess.com"]
[Source "ChessBase"]
[SourceQuality "1"]
[TimeControl "600+3"]

1. e4 c5 2. b3 Nc6 3. Bb2 e5 4. Bc4 d6 5. d3 Nf6 6. Ne2 Be7 7. O-O O-O 8. f4 exf4 9. Nxf4 Ng4 10. Nd5 Bg5 11. h3 Nge5 12. Nd2 a6 13. a4 Rb8 14. Nf4 b5 15. axb5 axb5 16. Bd5 Nb4 17. Rf2 Qe7 18. Nf1 Bh4 19. Re2 Qg5 20. Bc1 Qf6 21. Ra7 Nbc6 22. Ra2 Bd7 23. Kh2 Nd4 24. Re3 Qxf4+ 25. g3 Qf2+ 26. Kh1 Nef3 27. Rxf3 Nxf3 28. gxh4 Qg1# 0-1